 Dungeon Crawl Stone Soup version 0.32-a0-841-g4648e6c457 (webtiles) character file.

Game seed: 849139635852052996

1486 MysticSailboat the Cleaver (level 8, 0/56 HPs)
             Began as a Mountain Dwarf Monk on Mar 27, 2024.
             Was a Priest of Hepliaklqana.
             Slain by a troll (15 damage)
             ... on level 7 of the Dungeon.
             The game lasted 00:13:04 (5254 turns).

MysticSailboat the Cleaver (Mountain Dwarf Monk)    Turns: 5254, Time: 00:13:04

Health: 0/56       AC:  9    Str: 15    XL:     8   Next: 50%
Magic:  8/8        EV: 11    Int: 12    God:    Hepliaklqana [***...]
Gold:   297        SH:  7    Dex: 12    Spells: 7/7 levels left

rFire   . . .        s - +4 hand axe
rCold   . . .        z - +0 kite shield
rNeg    . . .        m - +0 scale mail
rPois   .            (no helmet)
rElec   .            (no cloak)
rCorr   .            A - +1 pair of gloves
SInv    .            j - +0 pair of boots
Will    .....        (no amulet) Stlth
                     w - +5 ring of evasion
HPRegen 0.29/turn    (no ring)
MPRegen 0.11/turn

%: no passive effects
@: mighty
A: reduced essence, runic magic, artefact enchanting
a: Renounce Religion, Recall Ancestor, Ancestor Identity, Transference


You were on level 7 of the Dungeon.
You worshipped Hepliaklqana.
Hepliaklqana was most pleased with you.
You visited 2 branches of the dungeon, and saw 8 of its levels.

You collected 297 gold pieces.

Inventory:

Hand Weapons
 a - a +0 hand axe
 s - a +4 hand axe (weapon)
Missiles
 i - 4 poisoned darts (quivered)
 x - a throwing net
Armour
 b - a +0 robe
 d - an orb of light
 e - a +0 ring mail
 j - a +0 pair of boots (worn)
 m - a +0 scale mail (worn)
 u - a +0 plate armour
 z - a +0 kite shield (worn)
 A - a +1 pair of gloves (worn)
Jewellery
 w - a +5 ring of evasion (left hand)
Wands
 q - a wand of paralysis (4)
Scrolls
 h - 3 scrolls of summoning
 k - 2 scrolls of fog
 l - a scroll of poison
 o - a scroll of immolation
 r - a scroll of blinking
 t - a scroll of noise
 v - a scroll of fear
Potions
 c - 2 potions of ambrosia
 f - a potion of heal wounds
 g - 2 potions of might
 p - a potion of curing


   Skills:
 - Level 3.2 Fighting
 + Level 13.0 Axes
 - Level 2.1 Dodging


You had 7 spell levels left.
You didn't know any spells.
Your spell library contained the following spells:

 Spells                   Type           Power      Damage    Failure   Level
 Freeze                   Ice            0%         1d3       86%         1
 Sting                    Conj/Alch      0%         1d3       86%         1
 Summon Small Mammal      Summ           0%         N/A       86%         1
 Mercury Vapours          Alch/Air       0%         N/A       95%         2
 Call Canine Familiar     Summ           0%         N/A       99%         3
 Frozen Ramparts          Ice            0%         1d1       99%         3
 Hailstorm                Conj/Ice       0%         3d5       99%         3
 Inner Flame              Hex/Fire       0%         N/A       99%         3
 Flame Wave               Conj/Fire      0%         2d4       100%        4
 Olgreb's Toxic Radiance  Alch           0%         N/A       100%        4
 Sticky Flame             Fire/Alch      0%         2d4       100%        4
 Summon Blazeheart Golem  Fire/Summ      0%         N/A       100%        4


Dungeon Overview and Level Annotations

Branches:
Dungeon (7/15) Zot: 26876  Temple (1/1) D:4 Zot: 5860

Altars:
Cheibriados
Dithmenos
Elyvilon
Fedhas
Hepliaklqana
Makhleb
Nemelex Xobeh
Okawaru
Qazlal
Ru
Sif Muna
Uskayaw
Vehumet
Wu Jian
Xom
The Shining One

Annotations:
D:3 3 runed translucent doors, MrSquiggles's ghost, amateur DsWn
D:4 1 runed translucent door, audacious124's ghost, novice MDFi
D:6 2 transporters, MadMike78's ghost, novice OpAl


Innate Abilities, Weirdness & Mutations

Your life essence is reduced to manifest your ancestor. (-10% HP)
Your spellcasting is much less encumbered by armour.
You can use scrolls of enchantment on lesser artefacts.


Message History

The troll closely misses Midnight City.
Midnight City points at the troll and mumbles some strange words.
The puff of frost hits the troll.
You swap places.
The troll completely misses you. The troll claws you but does no damage.
The troll claws you.
You hit the troll.
The troll is lightly wounded.
The troll completely misses you. The troll claws you.
You block the troll's attack.
You hit the troll but do no damage.
The troll is lightly wounded.
You block the troll's attack. The troll claws you! The troll claws you.
You barely miss the troll.
The troll is lightly wounded.
The troll barely misses you. You block the troll's attack. The troll claws you.
You slash the troll!
The troll is moderately wounded.
The troll misses you. You block the troll's attack. x2
You hit the troll.
The troll is moderately wounded.
The troll bites you! The troll barely misses you. The troll closely misses you.
You feel very mighty all of a sudden. The troll bites you!
* * * LOW HITPOINT WARNING * * *
The troll claws you.
* * * LOW HITPOINT WARNING * * *
You block the troll's attack.
You slash the troll!
The troll is heavily wounded.
Midnight City gestures at the troll while chanting.
The puff of frost hits the troll.
You slash the troll!
The troll is almost dead.
The troll misses you. The troll barely misses you.
You block the troll's attack.
You barely miss the troll.
The troll is almost dead.
The troll bites you!
You die...
Hepliaklqana delivers you to your ancestors.

### #.. # #.# ... ### ##.#
##... #.. ... .....#
#.#########.##.# ..##
#........$.<#.# ....
####.##### #).R###..
.........# #.##@#.#
####.###.# #.###T## ####.#
#.# #.# #..# .....#
#.####.####.#####.#
###.†###.........)........
...............###.#.#####
.##..#.#####...# #.#.#
#..#.# #...# #.. # #.....
.....# ....


You could see the friendly Midnight City the battlemage and a troll (ally
target).

Vanquished Creatures
  A sky beast (D:6)
  A black bear (D:6)
  A phantom (D:6)
  A bullfrog (D:6)
  A jelly (D:4)
  5 hounds
  Terence (D:3)
  4 adders
  A shadow imp (D:5)
  A dart slug (D:3)
  3 ribbon worms
  5 orcs
  7 endoplasms
  4 giant cockroaches
  3 goblins
  5 hobgoblins
  12 jackals
  8 kobolds
  5 quokkas
  6 ball pythons
  3 bats
  5 frilled lizards
  2 rats
85 creatures vanquished.

Vanquished Creatures (collateral kills)
  Eustachio (D:6)
  A steam dragon (D:6)
  A centaur (D:5)
  A phantom (D:6)
  Blork the orc (D:6)
  A gnoll sergeant (D:6)
  A bombardier beetle (D:6)
  An orc priest (D:6)
  Ijyb (D:4)
  4 iguanas
  7 gnolls
  2 adders (D:4)
  2 ufetubi (D:7)
  A dart slug (D:4)
  A ribbon worm (D:5)
  3 orcs
  A quokka (D:5)
30 creatures vanquished.

Vanquished Creatures (others)
  An orc priest (D:7)
  A gnoll (D:6)
  3 orcs (D:7)
5 creatures vanquished.

Grand Total: 120 creatures vanquished

Notes
Turn   | Place    | Note
-------+----------+-------------------------------------------
     0 | D:1      | MysticSailboat the Mountain Dwarf Monk began the quest for
                  | the Orb.
     0 | D:1      | Reached XP level 1. HP: 19/19 MP: 1/1
    80 | D:1      | Reached skill level 4 in Axes
   204 | D:1      | Reached XP level 2. HP: 18/26 MP: 2/2
   561 | D:2      | Reached skill level 5 in Axes
   653 | D:2      | Reached XP level 3. HP: 31/31 MP: 3/3
  1447 | D:3      | Noticed Terence
  1459 | D:3      | Killed Terence
  1460 | D:3      | Reached skill level 6 in Axes
  1460 | D:3      | Reached XP level 4. HP: 16/38 MP: 4/4
  1763 | D:3      | Found a runed translucent gate.
  1767 | D:3      | Found a runed translucent gate.
  1768 | D:3      | Found a runed translucent gate.
  1768 | D:3      | Noticed MrSquiggles's ghost (amateur DsWn)
  1865 | D:3      | Found a faded altar of an unknown god.
  2594 | D:4      | Reached XP level 5. HP: 45/45 MP: 5/5
  2713 | D:4      | Found a staircase to the Ecumenical Temple.
  2728 | D:4      | Noticed Ijyb
  2729 | D:4      | Paralysed by Ijyb for 4 turns
  2739 | Temple   | Entered the Ecumenical Temple
  2808 | Temple   | Became a worshipper of Hepliaklqana the Forgotten
  2808 | Temple   | Reached * piety under Hepliaklqana
  2808 | Temple   | Reached ** piety under Hepliaklqana
  2809 | Temple   | Remembered your ancestor Midnight City as a battlemage
  2884 | D:4      | Paralysed by Ijyb for 5 turns
  2886 | D:4      | Killed Ijyb
  2887 | D:4      | Reached skill level 7 in Axes
  3035 | D:4      | Found a runed translucent door.
  3037 | D:4      | Noticed audacious124's ghost (novice MDFi)
  3156 | D:4      | Reached skill level 8 in Axes
  3386 | D:5      | Entered Level 5 of the Dungeon
  3618 | D:5      | Reached XP level 6. HP: 44/45 MP: 6/6
  3920 | D:5      | Reached *** piety under Hepliaklqana
  3967 | D:5      | Reached skill level 9 in Axes
  4276 | D:6      | Found a transporter.
  4286 | D:6      | Reached XP level 7. HP: 40/51 MP: 7/7
  4425 | D:6      | Reached skill level 10 in Axes
  4508 | D:6      | Noticed a steam dragon
  4552 | D:6      | Reached skill level 11 in Axes
  4587 | D:6      | Noticed MadMike78's ghost (novice OpAl)
  4647 | D:6      | Found a transporter.
  4648 | D:6      | Noticed Blork the orc
  4650 | D:6      | Noticed Eustachio
  4655 | D:6      | Killed Blork the orc
  4669 | D:6      | Killed Eustachio
  4670 | D:6      | Reached skill level 12 in Axes
  4670 | D:6      | Reached XP level 8. HP: 56/56 MP: 8/8
  5214 | D:7      | Reached skill level 13 in Axes
  5239 | D:7      | Noticed a troll
  5254 | D:7      | Slain by a troll

Illustrated notes

Levels and vault maps discovered:
D:1:      ebering_trefoil_twist, layout_rooms
D:2:      layout_basic
D:3:      layout_loops_cross, ebering_ghost_rock_garden,
          hellmonk_ecumenical_altar_heavens_door, serial_bayou,
          serial_bayou_pond_c, serial_bayou_ford_a, serial_bayou_pond_a,
          serial_bayou_pond_b, serial_bayou_shore_a, uniq_terence
D:4:      layout_basic, minmay_temple_entry_tees, ebering_ghost_inner_flame,
          uniq_ijyb
D:5:      nicolae_cairo_tiling, layout_gridville, nicolae_titane
D:6:      layout_cave_pools, gammafunk_ghost_stat_death, uniq_blork_the_orc,
          uniq_eustachio
D:7:      layout_loops_ring, roderic_roman_lattice, lemuel_flamethrower_2
Temple:   minmay_temple_bridge_d

Skill      XL: |  1  2  3  4  5  6  7  8 |
---------------+-------------------------+-----
Axes           | 4 5 6 8 9 12 13 | 13.0
Fighting       | |  3.2
Dodging        | |  2.1

Action                     |  1- 3 |  4- 6 |  7- 9 || total
---------------------------+-------+-------+-------++-------
  Melee: Hand axe          |   139 |   152 |    70 ||   361
 Invoke: Ancestor Life: Ba |       |     1 |       ||     1
         Ancestor Identity |       |     1 |       ||     1
    Use: Scroll            |     2 |     2 |     7 ||    11
         Potion            |     1 |       |     1 ||     2
   Stab: Distracted        |       |       |     1 ||     1
 Armour: Robe              |    28 |       |       ||    28
         Ring mail         |    72 |     1 |       ||    73
         Scale mail        |       |   115 |    46 ||   161
  Dodge: Dodged            |    69 |    60 |    26 ||   155
  Block: Kite shield       |       |       |    10 ||    10

Table legend: (Time is in decaauts)
 A = Elapsed time spent in this place.
 B = Non-inter-level travel time spent in this place.
 C = Inter-level travel time spent in this place.
 D = Time resting spent in this place.
 E = Time spent auto-exploring this place.
 F = Levels seen in this place.
 G = Mean time per level.
                   A        B        C        D        E       F      G
               +--------+--------+--------+--------+--------+-----+--------+
         Total |   5266 |   4761 |    505 |    491 |   3408 |   8 |  658.2 |
       Dungeon |   5126 |   4757 |    369 |    491 |   3408 |   7 |  732.3 |
        Temple |    139 |      3 |    136 |      0 |      0 |   1 |  139.0 |
               +--------+--------+--------+--------+--------+-----+--------+

Top non-repeatable levels by time:
     D:2: 984 daAuts
     D:3: 977 daAuts
     D:5: 886 daAuts
     D:6: 836 daAuts
     D:4: 766 daAuts
     D:1: 553 daAuts
  Temple: 139 daAuts
     D:7: 122 daAuts
